 Dungeon Crawl Stone Soup version 0.25-a0-589-g1e14c549ee (webtiles) character file.

Game seed: 15134112613588955716, levelgen mode: deterministic

4 Esekla the Charlatan (level 1, -2/9 HPs)
             Began as a Spriggan Artificer on Mar 10, 2020.
             Slain by a frilled lizard (3 damage)
             ... on level 1 of the Dungeon.
             The game lasted 00:01:08 (149 turns).

Esekla the Charlatan (Spriggan Artificer)            Turns: 149, Time: 00:01:09

Health: -2/9       AC:  2    Str:  8    XL:     1   Next: 50%
Magic:  4/4        EV: 18    Int: 12    God:
Gold:   31         SH:  0    Dex: 16    Spells: 0/0 levels left

rFire    . . .     SeeInvis +   a - +0 short sword
rCold    . . .     Gourm    .   (shield restricted)
rNeg     . . .     Faith    .   b - +0 robe
rPois    .         Spirit   .   (helmet restricted)
rElec    .         Reflect  .   (no cloak)
rCorr    .         Harm     .   (gloves unavailable)
MR       .....                  (boots unavailable)
Stlth    ++........             (no amulet)
HPRegen  0.03/turn              (no ring)
MPRegen  0.09/turn              (no ring)

@: very quick
A: very small, unfitting armour, see invisible, herbivore, speed 3, slow
metabolism 2
a: no special abilities


You were on level 1 of the Dungeon.
You were not hungry.

You visited 1 branch of the dungeon, and saw 1 of its levels.

You collected 31 gold pieces.

Inventory:

Hand Weapons
 a - a +0 short sword (weapon)
Armour
 b - a +0 robe (worn)
 h - a +0 leather armour
Wands
 c - a wand of flame (15)
 d - a wand of enslavement (15)
 e - a wand of random effects (15)
Scrolls
 g - a scroll of teleportation {unknown}
Comestibles
 f - 2 rations


   Skills:
 - Level 0.7 Fighting
 * Level 1.5 Short Blades
 * Level 3.1 Dodging
 + Level 1.7 Stealth
 - Level 4.0 Evocations


You couldn't memorise any spells.
You didn't know any spells.
Your spell library was empty.

Dungeon Overview and Level Annotations

Branches:
Dungeon (1/15)

Altars:


Innate Abilities, Weirdness & Mutations

You are very small and have problems with some larger weapons.
You are too small for most types of armour.
You have supernaturally acute eyesight. (SInv)
You are a herbivore.
You cover ground extremely quickly.
You need to consume almost no food.


Message History

The frilled lizard completely misses you.
The rat misses you.
You barely miss the rat.
The rat is severely wounded.
The rat barely misses you.
You closely miss the rat.
The rat is severely wounded.
The rat barely misses you.
You hit the rat but do no damage.
The rat is severely wounded.
The rat barely misses you.
You hit the rat.
You kill the rat!
You miss the frilled lizard.
The frilled lizard is heavily wounded.
The frilled lizard barely misses you.
You hit the frilled lizard.
You kill the frilled lizard!
You barely miss the frilled lizard. The frilled lizard bites you.
You die...

....### ##......... ..
...## #..^#.....# ...
...# #.........##...#
...### #.....#.....!.#
.....####........g....##
...#.........##l.......#
...#######†..#..##.....#
########.......###.....#
####(.........gl@.......
......#..##....###.....#
##............# ....#
#.#).........# ....
##)...........# ...
##..#..........# ##
#.†##..........#
...##............
..##...........##.


You could see a hobgoblin and a frilled lizard.

Vanquished Creatures
  A bat (D:1)
  2 frilled lizards (D:1)
  A kobold (D:1)
  A rat (D:1)
5 creatures vanquished.

Notes
Turn   | Place    | Note
-------+----------+-------------------------------------------
     0 | D:1      | Esekla the Spriggan Artificer began the quest for the Orb.
     0 | D:1      | Reached XP level 1. HP: 9/9 MP: 4/4
   149 | D:1      | Slain by a frilled lizard

Levels and vault maps discovered:
D:1:      lemuel_arrival_broad_hall, layout_rooms, serial_park_tiny_1

Action                   || total
-------------------------++-------
Melee: Short sword       ||    35
 Stab: Sleeping          ||     1
Armor: Robe              ||     2
Dodge: Dodged            ||    41

Table legend:
 A = Non-vault XP
 B = Vault XP
 C = Vault XP percentage of total XP
 D = Non-vault monster count
 E = Vault monster count
 F = Vault count percentage of total count
                 A         B        C        D         E       F
            +---------+---------+-------+---------+---------+-------
      Total |       6 |       0 |   0.0 |       5 |       0 |   0.0
            +---------+---------+-------+---------+---------+-------
        D:1 |       6 |       0 |   0.0 |       5 |       0 |   0.0
            +---------+---------+-------+---------+---------+-------
